 Dungeon Crawl Stone Soup version 0.24-a0-439-g6dd8730de2 (webtiles) character file.

Game seed: 13303340024224139124

184851 LostNumber the Impaler (level 18, 38/144 HPs)
             Began as a Merfolk Assassin on May 16, 2019.
             Was a High Priest of Okawaru.
             Quit the game on level 1 of the Snake Pit on July 14, 2019.
             The game lasted 01:21:00 (35016 turns).

LostNumber the Impaler (Merfolk Assassin)          Turns: 35016, Time: 01:21:01

Health: 38/144     AC: 17    Str: 16    XL:     18   Next: 42%
Magic:  8/25       EV: 20    Int: 11    God:    Okawaru [*****.]
Gold:   1326       SH:  0    Dex: 13    Spells: 17/17 levels left

rFire    + . .     SeeInvis .   M - +7 bardiche (freeze)
rCold    . . .     Gourm    .   (shield currently unavailable)
rNeg     . . .     Faith    .   H - +1 scale mail {MR+}
rPois    +         Spirit   +   Y - +0 hat of Indemnity {+Fly rPois MR++ Dex-5}
rElec    .         Reflect  .   L - +1 cloak
rCorr    .         Harm     .   k - +2 pair of gloves
MR       ++++.                  y - +2 pair of boots
Stlth    ++++......             J - amulet of guardian spirit
HPRegen  0.34/turn              G - ring of poison resistance
MPRegen  0.19/turn              i - ring of protection from fire

@: mildly poisoned (38 -> 38), heroism
A: change form in water, swift swim, stealthy swim
a: Heroism, Finesse, Renounce Religion, Evoke Flight


You were on level 1 of the Snake Pit.
You worshipped Okawaru.
Okawaru was extremely pleased with you.
You were not hungry.

You visited 5 branches of the dungeon, and saw 26 of its levels.
You also visited: Bailey and Volcano.

You collected 2816 gold pieces.
You spent 1490 gold pieces at shops.

Inventory:

Hand Weapons
 M - a +7 bardiche of freezing (weapon)
   (You acquired it in a bailey)
Missiles
 f - 6 curare-tipped darts {!f}
 j - 5 boomerangs of dispersal {!f}
 B - 10 datura-tipped darts
 D - 3 throwing nets {!f}
 R - 77 boomerangs (quivered)
 T - 10 atropa-tipped darts
 U - 36 silver javelins
 V - 59 poisoned darts
Armour
 k - a +2 pair of gloves (worn)
   (You found it on level 6 of the Lair of Beasts)
 y - a +2 pair of boots (worn)
   (You found it on level 3 of the Dungeon)
 H - a +1 scale mail of magic resistance (worn)
   (You took it off Harold on level 1 of the Lair of Beasts)
 L - a +1 cloak (worn)
   (You found it on level 2 of the Lair of Beasts)
 Y - the +0 hat of Indemnity (worn) {+Fly rPois MR++ Dex-5}
   (Okawaru gifted it to you on level 5 of the Lair of Beasts)

   It affects your dexterity (-5).
   It protects you from poison.
   It affects your resistance to hostile enchantments.
   It lets you fly.
Jewellery
 i - a ring of protection from fire (right hand)
   (You found it on level 4 of the Dungeon)
 n - a +3 ring of strength {unknown}
   (You found it on level 1 of the Snake Pit)
 G - a ring of poison resistance (left hand)
   (You found it on level 4 of the Lair of Beasts)
 J - an amulet of guardian spirit (around neck)
   (You found it on level 5 of the Dungeon)
Wands
 c - a wand of disintegration (12)
   (You found it on level 8 of the Dungeon)
 d - a wand of iceblast (19)
   (You found it on level 8 of the Dungeon)
 u - a wand of paralysis (10)
   (You found it on level 1 of the Lair of Beasts)
 v - a wand of polymorph (23)
   (You took it off Dowan on level 4 of the Dungeon)
 x - a wand of acid (16)
   (You found it on level 14 of the Dungeon)
Scrolls
 b - 3 scrolls of fear
 h - 14 scrolls of teleportation {@r4}
 q - 7 scrolls of blinking
 t - 5 scrolls of enchant armour
 w - 10 scrolls of remove curse {@r2}
 F - 2 scrolls of vulnerability {!r}
 W - a scroll of immolation {!r}
Potions
 g - 5 potions of might
 l - 8 potions of curing {@q1}
 m - 2 potions of cancellation
 o - 5 potions of flight
 p - 4 potions of invisibility
 s - 4 potions of resistance
 z - a potion of ambrosia
 A - 11 potions of heal wounds {@q2}
 C - 3 potions of lignification {!q}
 I - 6 potions of haste {@q3}
 K - 5 potions of brilliance
 O - 2 potions of berserk rage
 Z - 3 potions of agility
Comestibles
 a - 5 chunks of flesh
 e - 36 rations {!d}


   Skills:
 + Level 13.6(18.6) Fighting
   Level 2.4(7.4) Short Blades
   Level 0.1(6.3) Long Blades
 * Level 20.1(25.1) Polearms
 + Level 13.4(18.4) Throwing
 - Level 15.0(20.0) Dodging
 - Level 10.0(15.0) Stealth
   Level 10.1(15.1) Shields
 - Level 10.0 Invocations


You had 17 spell levels left.
You didn't know any spells.
Your spell library contained the following spells:

 Spells                   Type           Power        Failure   Level  Hunger
 Apportation              Tloc           #.....       75%         1    ##.....
 Infusion                 Chrm           #...         75%         1    ##.....
 Corpse Rot               Necr           N/A          87%         2    ###....
 Shroud of Golubria       Chrm/Tloc      #.....       87%         2    ###....
 Song of Slaying          Chrm           #.......     87%         2    ###....
 Sublimation of Blood     Necr           #.........   87%         2    ###....
 Lesser Beckoning         Tloc           #.........   98%         3    ####...
 Portal Projectile        Hex/Tloc       #.....       98%         3    ####...
 Recall                   Summ/Tloc      N/A          98%         3    ####...
 Regeneration             Chrm/Necr      #.........   98%         3    ####...
 Spectral Weapon          Hex/Chrm       #.......     98%         3    ####...
 Ice Form                 Ice/Tmut       #.......     100%        4    #####..
 Agony                    Necr           #.......     100%        5    ######.
 Aura of Abjuration       Summ           #.........   100%        5    ######.
 Bolt of Draining         Conj/Necr      #.........   100%        5    ######.
 Dispel Undead            Necr           #.......     100%        5    ######.
 Excruciating Wounds      Chrm/Necr      #.........   100%        5    ######.
 Metabolic Englaciation   Hex/Ice        #.........   100%        5    ######.
 Summon Demon             Summ           #.........   100%        5    ######.
 Summon Forest            Summ/Tloc      #.........   100%        5    ######.
 Summon Mana Viper        Hex/Summ       #.......     100%        5    ######.
 Bolt of Cold             Conj/Ice       #.........   100%        6    #######
 Freezing Cloud           Conj/Ice/Air   #.........   100%        6    #######
 Ozocubu's Refrigeration  Ice            #.........   100%        6    #######
 Shadow Creatures         Summ           N/A          100%        6    #######
 Simulacrum               Ice/Necr       #.........   100%        6    #######


Dungeon Overview and Level Annotations

Branches:
Dungeon (15/15)            Temple (1/1) D:4            Lair (6/6) D:11
 Shoals (0/4) Lair:2        Snake (2/4) Lair:2        Slime (0/5) Lair:6
    Orc (2/2) D:9             Elf (0/3) Orc:2        Vaults (0/5) D:13
 Depths (0/5) D:15

Altars:
Ashenzari
Cheibriados
Dithmenos
Elyvilon
Fedhas
Gozag
Hepliaklqana
Kikubaaqudgha
Makhleb
Nemelex Xobeh
Okawaru
Qazlal
Ru
Sif Muna
Trog
Uskayaw
Vehumet
Wu Jian
Xom
Yredelemnul
Zin
The Shining One
Beogh

Shops:
D:4 =   D:5 *   D:8 [   D:9 [   D:10 =}:}   D:15 ?!%%   Orc:2 :?:?

Portals:
Bazaar: D:15

Annotations:
D:4 1 runed translucent door, Crazy Yiuf
D:9 2 transporters, 1 runed translucent door, exclusion: door, Shaidar's ghost, novice MiBe
D:11 3 runed translucent doors, Redear's ghost, journeyman OpFi
D:15 3 runed translucent doors, Nitrous's ghost, adept DECj
Lair:4 3 runed translucent doors, Ijashusm's ghost, journeyman MiBe; Nilosor's ghost, journeyman DrAE


Message History

The anaconda bites you!
* * * LOW HITPOINT WARNING * * *
* * * LOW HITPOINT WARNING * * *
The anaconda constricts you.
You gain the combat prowess of a mighty hero.
You feel sick. The black mamba misses you. The anaconda bites you.
* * * LOW HITPOINT WARNING * * *
The anaconda constricts you. The black mamba completely misses you.
You slice the anaconda!!
The anaconda seems to slow down.
You freeze the anaconda.
You kill the anaconda!
Okawaru accepts your kill.
You feel sick. The black mamba completely misses you.
Unknown command.
You closely miss the black mamba.
You feel sick. The black mamba barely misses you.
You barely miss the black mamba. The black mamba completely misses you.
The black mamba bites you!
* * * LOW HITPOINT WARNING * * *
You miss the black mamba.
You feel sick. The black mamba misses you.
You barely miss the black mamba.
The black mamba bites you but does no damage.
You slice the black mamba!! You freeze the black mamba!
You feel sick. The black mamba barely misses you.
You hit the black mamba but do no damage.
The black mamba barely misses you. x2
You slash the black mamba!
The black mamba seems to slow down.
You freeze the black mamba.
You kill the black mamba!
Okawaru accepts your kill.
You feel sick.
You feel sick.
Found a wand of paralysis (12).
Things that are here:
a +0 halberd; a salamander corpse You see here an anaconda corpse.
You butcher the anaconda corpse.
You feel sick.
a - 5 chunks of flesh You see here an anaconda skeleton.
You feel sick.
There is a stone staircase leading up, spattered with blood here.
You start resting.
You feel sick. x2
A black mamba comes into view.
You climb upwards.
You feel sick.
There is a stone staircase leading down here.
Welcome back, LostNumber the Merfolk Assassin.
Okawaru says: Bring me glory in combat!
Quiver which item? (- for none, * to show all) (? for menu, Esc to quit)
Okay, then.

##### ### ###### ####.......#
######... ###. ###[ ### #####...
##.## ########## #####.......
#...#######...#....###...........
...........................).....
.)..............@................
....)..........).................
..............)..................
.................................
(...)............................
.(.(..........#..............#...
.#..................####..##.##.#
...(............)............####
#..##############..#......[......


There were no monsters in sight!

Vanquished Creatures
  Kirke (Lair:4)
  An orc warlord (Bailey)
  A dire elephant (Lair:6)
  2 vault guards (D:13)
  An ogre mage (D:15)
  Erolcha (D:9)
  2 catoblepae
  6 hydras
  Harold (Lair:1)
  A merfolk avatar (Lair:6)
  A naga warrior (Snake:1)
  Erica (D:8)
  An anaconda (Snake:2)
  10 two-headed ogres
  5 centaur warriors
  A tengu warrior (D:11)
  3 death yaks (Lair:6)
  A hell knight (Volcano)
  A shock serpent (Snake:1)
  A naga sharpshooter (Snake:1)
  7 orc high priests
  A sun demon (Volcano)
  3 skeletal warriors (D:15)
  A wizard (D:12)
  2 wolf spider zombies
  A deep elf archer (D:13)
  10 orc knights
  Pikel (D:6)
  2 harpies (Lair:6)
  A mana viper (Snake:1)
  3 deep elf magi (D:15)
  3 necromancers
  A cyclops (D:14)
  16 ugly things
  4 orc sorcerers
  4 manticores
  3 merfolk sirens (Lair:2)
  13 elephants
  4 salamanders
  7 black mambas
  A naga mage (Snake:1)
  Joseph (D:7)
  13 spiny frogs
  3 torpor snails (Lair:6)
  A guardian serpent (Snake:1)
  A gargoyle (D:13)
  3 rime drakes (Lair:6)
  5 komodo dragons
  A redback zombie (D:14)
  2 efreet
  10 trolls
  A queen bee (D:10)
  6 hornets
  3 wind drakes (Lair:6)
  A merfolk (Lair:2)
  Prince Ribbit (Lair:3)
  6 polar bears
  19 blink frogs
  4 slime creatures (D:15)
  2 dream sheep (D:8)
  10 hippogriffs
  2 centaur simulacra (D:15)
  An air elemental (D:13)
  A shadow (D:13)
  A wraith (D:12)
  A human (shapeshifter) (D:14)
  A water elemental (D:13)
  54 yaks
  3 wyverns
  A fire elemental (D:13)
  3 hungry ghosts
  A basilisk (Lair:3)
  19 humans
  Menkaure (D:6)
  11 wargs
  11 nagas (Snake:1)
  Duvessa (D:4)
  An acid dragon (D:14)
  A soldier ant (shapeshifter) (D:14)
  15 water moccasins
  2 hell hounds (Volcano)
  10 porcupines
  29 orc warriors
  5 sky beasts
  3 ice beasts
  4 phantoms
  3 boggarts (D:14)
  12 wolves
  13 ogres
  16 centaurs
  10 crocodiles
  5 big kobolds
  Blork the orc (D:6)
  19 bullfrogs
  An earth elemental (D:13)
  A gnoll sergeant (D:9)
  Dowan (D:4)
  2 wyvern skeletons
  8 scorpions
  22 killer bees
  7 wights
  5 electric eels
  4 howler monkeys
  6 crimson imps
  2 bullfrog zombies
  A wyvern simulacrum (D:15)
  3 centaur zombies
  A quasit (D:13)
  9 hounds
  3 jellies
  5 centaur skeletons
  42 orc priests
  7 bullfrog skeletons
  5 iguanas
  Natasha (twice) (D:4)
  24 orc wizards
  10 worker ants
  11 adders
  22 gnolls
  A howler monkey skeleton (D:7)
  4 shadow imps
  4 oozes
  A worm (D:3)
  7 leopard geckos
  130 orcs
  10 bats
  6 giant cockroaches
  9 goblins
  9 hobgoblins
  3 jackals (D:5)
  A quokka (D:9)
  2 ball pythons
  5 frilled lizards
  A giant cockroach zombie (D:6)
  31 kobolds
  7 rats
919 creatures vanquished.

Vanquished Creatures (collateral kills)
  A spiny frog (Lair:1)
1 creature vanquished.

Vanquished Creatures (others)
  3 humans (Lair:4)
  16 fungi
  52 plants
71 creatures vanquished.

Grand Total: 991 creatures vanquished

Notes
Turn   | Place    | Note
-------+----------+-------------------------------------------
     0 | D:1      | LostNumber the Merfolk Assassin began the quest for the
                  | Orb.
     0 | D:1      | Reached XP level 1. HP: 16/16 MP: 1/1
     0 | D:1      | Found a shadowy altar of Dithmenos.
   264 | D:1      | Reached XP level 2. HP: 21/23 MP: 2/2
   614 | D:1      | Reached XP level 3. HP: 27/28 MP: 3/3
  1281 | D:2      | Reached XP level 4. HP: 34/34 MP: 4/4
  1331 | D:2      | Reached skill level 5 in Stealth
  2383 | D:4      | Found a staircase to the Ecumenical Temple.
  2438 | Temple   | Entered the Ecumenical Temple
  2445 | Temple   | Became a worshipper of Warmaster Okawaru
  2494 | D:4      | Reached XP level 5. HP: 30/41 MP: 5/5
  2732 | D:4      | Noticed Dowan
  2733 | D:4      | Noticed Duvessa
  2936 | D:4      | Found Plog's Jewellery Shop.
  3243 | D:4      | Killed Duvessa
  3243 | D:4      | Reached * piety under Okawaru
  3243 | D:4      | Reached XP level 6. HP: 38/48 MP: 6/6
  3262 | D:4      | Killed Dowan
  3483 | D:4      | Noticed Natasha
  3497 | D:4      | Killed Natasha
  3545 | D:4      | Found a runed translucent door.
  3546 | D:4      | Noticed Crazy Yiuf
  3565 | D:4      | Noticed Natasha
  3573 | D:4      | Killed Natasha
  4011 | D:5      | Entered Level 5 of the Dungeon
  4025 | D:5      | Found Qedewuef's Elemental Accessories.
  4211 | D:5      | Noticed a phantom
  4279 | D:5      | Killed a phantom
  4279 | D:5      | Reached XP level 7. HP: 8/54 MP: 7/7
  4706 | D:5      | Reached skill level 5 in Throwing
  4904 | D:5      | Reached skill level 5 in Dodging
  5138 | D:5      | Reached skill level 1 in Polearms
  5268 | D:6      | Reached skill level 2 in Polearms
  5283 | D:6      | Reached XP level 8. HP: 37/61 MP: 5/8
  5330 | D:6      | Reached ** piety under Okawaru
  5620 | D:6      | Reached skill level 5 in Fighting
  5662 | D:6      | Reached skill level 3 in Polearms
  5674 | D:6      | Noticed Pikel
  5740 | D:6      | Killed Pikel
  5740 | D:6      | Reached skill level 5 in Polearms
  5793 | D:6      | Noticed Blork the orc
  5809 | D:6      | Killed Blork the orc
  5945 | D:6      | Found an opulent altar of Gozag.
  5965 | D:6      | Noticed Menkaure
  5975 | D:6      | Killed Menkaure
  5975 | D:6      | Reached skill level 6 in Polearms
  5975 | D:6      | Reached XP level 9. HP: 29/69 MP: 4/9
  6334 | D:7      | Reached *** piety under Okawaru
  6664 | D:7      | Reached skill level 7 in Polearms
  7245 | D:7      | Noticed Joseph
  7271 | D:7      | Killed Joseph
  7271 | D:7      | Reached skill level 8 in Polearms
  7357 | D:7      | Reached **** piety under Okawaru
  7580 | D:7      | Found a white marble altar of Elyvilon.
  7585 | D:7      | Found a sparkling altar of Nemelex Xobeh.
  7662 | D:7      | Found a glowing golden altar of the Shining One.
  7846 | D:8      | Found a hide-covered altar of Uskayaw.
  8097 | D:8      | Found Caymp's Armour Shop.
  8100 | D:8      | Noticed Erica
  8163 | D:8      | Killed Erica
  8163 | D:8      | Reached skill level 9 in Polearms
  8163 | D:8      | Reached XP level 10. HP: 8/79 MP: 1/10
  8171 | D:8      | HP: 3/79 [poisoned by Erica (bolt of poison)]
  8176 | D:8      | HP: 2/79 [poisoned by Erica (bolt of poison)]
  8182 | D:8      | HP: 1/79 [poisoned by Erica (bolt of poison)]
  8190 | D:8      | HP: 1/79 [poisoned by Erica (bolt of poison)]
  8848 | D:8      | Received a gift from Okawaru
  8848 | D:8      | Reached skill level 10 in Polearms
  8984 | D:8      | Found a hazy altar of Hepliaklqana.
  9084 | D:8      | Noticed a two-headed ogre
  9092 | D:8      | Killed a two-headed ogre
  9242 | D:8      | Reached ***** piety under Okawaru
  9265 | D:8      | Received a gift from Okawaru
  9444 | D:8      | Noticed a three-headed hydra
  9448 | D:8      | Killed a one-headed hydra
  9448 | D:8      | Received a gift from Okawaru
  9452 | D:8      | Reached XP level 11. HP: 80/86 MP: 9/11
  9542 | D:9      | Reached skill level 10 in Stealth
  9758 | D:9      | Found Nyboh's Antique Armour Emporium.
  9837 | D:9      | Found a bloodstained altar of Trog.
  9839 | D:9      | Noticed Shaidar's ghost (novice MiBe)
  9844 | D:9      | Found a transporter.
  9846 | D:9      | Noticed a moth of wrath
  9847 | D:9      | Noticed a two-headed ogre
  9856 | D:9      | Found a transporter.
  9856 | D:9      | Noticed a cyclops
  9929 | D:9      | Found a runed translucent door.
  9929 | D:9      | Noticed a deep elf knight
  9932 | D:9      | Noticed a wolf spider
  9932 | D:9      | Noticed a seven-headed hydra
  9932 | D:9      | Noticed a sphinx
 10063 | D:9      | Noticed Erolcha
 10086 | D:9      | Killed Erolcha
 10086 | D:9      | Reached skill level 10 in Dodging
 10086 | D:9      | Reached skill level 1 in Invocations
 10531 | D:9      | Found a staircase to the Orcish Mines.
 10848 | D:9      | Received a gift from Okawaru
 10960 | D:10     | Entered Level 10 of the Dungeon
 11052 | D:10     | Found Paec's Book Shop.
 11242 | D:10     | Found Baciwik's Jewellery Shop.
 11328 | D:10     | Received a gift from Okawaru
 11645 | D:10     | Found Ydaox's Gadget Emporium.
 11766 | D:10     | Reached skill level 10 in Throwing
 11944 | D:10     | Found Niluod Zoki's Gadget Shop.
 12161 | D:10     | Received a gift from Okawaru
 12161 | D:10     | Reached XP level 12. HP: 96/96 MP: 14/14
 12164 | D:10     | Got a slimy longbow {god gift}
 12165 | D:10     | Identified the +1 longbow of Uhiaj {venom, rPois} (Okawaru
                  | gifted it to you on level 10 of the Dungeon)
 12379 | D:11     | Noticed a two-headed ogre
 12389 | D:11     | Killed a two-headed ogre
 12389 | D:11     | Reached skill level 1 in Shields
 12414 | D:11     | Noticed a two-headed ogre
 12426 | D:11     | Killed a two-headed ogre
 12436 | D:11     | Noticed a tengu warrior
 12459 | D:11     | Killed a tengu warrior
 12514 | D:11     | Found a white marble altar of Elyvilon.
 12560 | D:11     | Found a runed translucent gate.
 12560 | D:11     | Found a runed translucent gate.
 12564 | D:11     | Found a runed translucent gate.
 12566 | D:11     | Noticed a minotaur
 12566 | D:11     | Noticed Redear's ghost (journeyman OpFi)
 12824 | D:11     | Noticed a two-headed ogre
 12835 | D:11     | Killed a two-headed ogre
 12942 | D:11     | Found a staircase to the Lair.
 13080 | Lair:1   | Entered Level 1 of the Lair of Beasts
 13098 | Lair:1   | Noticed Harold
 13146 | Lair:1   | Killed Harold
 13146 | Lair:1   | Received a gift from Okawaru
 13146 | Lair:1   | Reached skill level 11 in Polearms
 13171 | Lair:1   | Reached skill level 10 in Fighting
 13221 | Lair:1   | Found a dark tunnel.
 13227 | Volcano  | Entered a volcano
 13250 | Volcano  | Noticed a hell knight
 13273 | Volcano  | Killed a hell knight
 13453 | Volcano  | Noticed a sun demon
 13472 | Volcano  | Killed a sun demon
 13472 | Volcano  | Reached skill level 5 in Invocations
 13918 | Lair:1   | Received a gift from Okawaru
 14710 | Lair:2   | Reached skill level 12 in Polearms
 14989 | Lair:2   | Found a staircase to the Snake Pit.
 15137 | Lair:2   | Found a gate leading to a gauntlet.
 15221 | Lair:2   | Received a gift from Okawaru
 15221 | Lair:2   | Reached XP level 13. HP: 103/103 MP: 17/17
 15232 | Lair:2   | Reached skill level 5 in Shields
 15254 | Lair:2   | Found a staircase to the Shoals.
 15566 | Lair:2   | Reached ****** piety under Okawaru
 15566 | Lair:2   | Received a gift from Okawaru
 15567 | Lair:2   | Got a dazzling glaive {god gift}
 15568 | Lair:2   | Identified the +2 glaive "Merfolk's Peril" {protect, +Inv
                  | Int+4} (Okawaru gifted it to you on level 2 of the Lair of
                  | Beasts)
 15812 | Lair:3   | Noticed Prince Ribbit
 15862 | Lair:3   | Killed Prince Ribbit
 16598 | Lair:3   | Received a gift from Okawaru
 16598 | Lair:3   | Reached skill level 13 in Polearms
 17305 | Lair:4   | Noticed Kirke
 17345 | Lair:4   | Killed Kirke
 17646 | Lair:4   | Found a runed translucent gate.
 17646 | Lair:4   | Found a runed translucent gate.
 17646 | Lair:4   | Found a runed translucent gate.
 17646 | Lair:4   | Noticed Ijashusm's ghost (journeyman MiBe)
 17646 | Lair:4   | Noticed Nilosor's ghost (journeyman DrAE)
 17775 | Lair:4   | Received a gift from Okawaru
 18244 | Lair:4   | Received a gift from Okawaru
 18978 | Lair:5   | Received a gift from Okawaru
 19045 | Lair:5   | Reached XP level 14. HP: 31/113 MP: 6/19
 19436 | Lair:5   | Received a gift from Okawaru
 19447 | Lair:5   | Reached skill level 14 in Polearms
 19615 | Lair:5   | Got a steaming hat {god gift}
 19626 | Lair:5   | Identified the +0 hat of Indemnity {+Fly rPois MR++ Dex-5}
                  | (Okawaru gifted it to you on level 5 of the Lair of Beasts)
 20457 | Lair:6   | Entered Level 6 of the Lair of Beasts
 20664 | Lair:6   | Noticed a dire elephant
 21040 | Lair:6   | Found a staircase to the Slime Pits.
 23192 | D:13     | Received a gift from Okawaru
 24217 | D:13     | Upgraded the game from 0.24-a0-317-g5cb8de4b22 to
                  | 0.24-a0-439-g6dd8730de2
 24591 | D:13     | Found a gate to the Vaults.
 24719 | D:13     | Found a large runed translucent door.
 24720 | D:13     | Found a large runed translucent door.
 24832 | D:13     | Reached XP level 15. HP: 85/120 MP: 13/21
 25519 | D:14     | Reached skill level 10 in Shields
 25554 | D:14     | Found a flagged portal.
 25569 | Bailey   | Entered a bailey
 25595 | Bailey   | Noticed an orc warlord
 25740 | Bailey   | Found a runed translucent gate.
 25740 | Bailey   | Found a runed translucent gate.
 25775 | Bailey   | Found a runed translucent gate.
 26194 | Bailey   | Killed an orc warlord
 26237 | Bailey   | Identified a scroll of acquirement
 26590 | D:14     | Paralysed by a hornet for 2 turns
 26602 | D:14     | Received a gift from Okawaru
 27109 | D:14     | Reached skill level 10 in Invocations
 27381 | D:15     | Entered Level 15 of the Dungeon
 27381 | D:15     | Found Xozety's Magic Scroll Emporium.
 27384 | D:15     | Bought a scroll of teleportation for 48 gold pieces
 27385 | D:15     | Reached skill level 15 in Polearms
 27385 | D:15     | Reached XP level 16. HP: 127/127 MP: 23/23
 27386 | D:15     | Reached skill level 17 in Polearms
 27386 | D:15     | Reached XP level 17. HP: 133/133 MP: 24/24
 27436 | D:15     | Received a gift from Okawaru
 27512 | D:15     | Found a gateway to a bazaar.
 27512 | D:15     | Found a runed translucent gate.
 27512 | D:15     | Found a runed translucent gate.
 27512 | D:15     | Found a runed translucent gate.
 27513 | D:15     | Noticed Nitrous's ghost (adept DECj)
 27563 | D:15     | Found Laim's Distillery.
 27569 | D:15     | Bought a potion of might for 72 gold pieces
 27569 | D:15     | Bought a potion of haste for 180 gold pieces
 27606 | D:15     | Noticed Nessos
 27614 | D:15     | Noticed Nessos
 27614 | D:15     | Nessos changed into Nessos the salamander
 27648 | D:15     | Killed Nessos the salamander
 27937 | D:15     | Reached skill level 18 in Polearms
 27954 | D:15     | Received a gift from Okawaru
 28148 | D:15     | Found Nadigh's Food Shop.
 28407 | D:15     | Found a staircase to the Depths.
 28780 | D:15     | Found Tekirph's Food Shoppe.
 29176 | Lair:6   | Paralysed by a hornet for 1 turns
 29301 | Lair:6   | Received a gift from Okawaru
 29510 | Lair:6   | Found a snail-covered altar of Cheibriados.
 30745 | Orc:1    | Entered Level 1 of the Orcish Mines
 30772 | Orc:1    | Reached XP level 18. HP: 125/142 MP: 21/25
 30918 | Orc:2    | Entered Level 2 of the Orcish Mines
 30923 | Orc:2    | Reached skill level 19 in Polearms
 31045 | Orc:2    | Found a burning altar of Makhleb.
 31801 | Orc:1    | Reached skill level 15 in Dodging
 32245 | Orc:1    | Received a gift from Okawaru
 32246 | Orc:1    | Got a dazzling spear {god gift}
 32539 | Orc:2    | Found a staircase to the Elven Halls.
 32710 | Orc:2    | Found Agoisu's Magic Scroll Boutique.
 32710 | Orc:2    | Found Yhufraf's Book Shoppe.
 32909 | Orc:2    | Bought a scroll of teleportation for 51 gold pieces
 32909 | Orc:2    | Bought a scroll of blinking for 127 gold pieces
 32977 | Orc:2    | Found a roughly hewn altar of Beogh.
 33053 | Orc:2    | Found Viothruf's Magic Scroll Boutique.
 33053 | Orc:2    | Found Sysagoul's Book Shoppe.
 33249 | Orc:2    | Bought 3 scrolls of teleportation for 99 gold pieces
 33258 | Orc:2    | Bought the Catalogue of Unstable Talismans for 913 gold
                  | pieces
 33778 | Snake:1  | Entered Level 1 of the Snake Pit
 34563 | Snake:1  | Reached skill level 20 in Polearms
 35016 | Snake:1  | Quit the game

Levels and vault maps discovered:
D:1:      sevenhm_arrival_forest_fort_small_6, layout_loops_corners,
          item_on_display_a
D:2:      layout_basic
D:3:      layout_loops_cross
D:4:      layout_loops_corners, minmay_temple_entry_crystal_x, serial_shops,
          kennysheep_little_box, first_ration, uniq_duvessa,
          uniq_crazy_yiuf_cottage, uniq_natasha
D:5:      layout_basic, corner_web_ring, nicolae_elemental_shop
D:6:      layout_gridville, nicolae_gozag_seed_capital, uniq_blork_the_orc,
          uniq_pikel, uniq_menkaure
D:7:      layout_gridville, minitemple, tso_altar, uniq_joseph
D:8:      layout_basic, kennysheep_mini_moat, overflow_temple_1_default,
          serial_shops, nicolae_shop_stone, hangedman_ranch
          [blue_anna_fruit_fields], uniq_erica
D:9:      minmay_gate_of_8, layout_loops_ring, hiddenorc1_lemuel, serial_shops,
          shop, gammafunk_ghost_wrathful_warriors, uniq_erolcha
D:10:     layout_stronghold, serial_shops, shop, nicolae_shop_behind_doors,
          nicolae_shop_statue_plus, nicolae_shop_waterfront, serial_park_tiny_1,
          minivault_7
D:11:     layout_loops_ring, lair_entry_dummy, maelrawn_ghost_gauntlet_escape,
          basic_altar
D:12:     layout_loops_corners
D:13:     layout_roguey [special_room_orc], grunt_vaults_entry_tiered,
          lightli_elemental_guards
D:14:     layout_basic, enter_bailey_3, chequers_big_river, grunt_ministairs_15
D:15:     grunt_enter_depths_magical_seal, layout_rooms,
          gammafunk_ghost_hydra_chop, serial_shops, bzr_in_the_mist, shop, shop,
          nicolae_shop_stone, nicolae_shop_stone, hangedman_decor_lopped,
          uniq_nessos
Temple:   nicolae_temple_no_exploring_needed
Lair:1:   wander_river, layout_loops_ring, enter_volcano_1, hibernation_bobbens,
          uniq_harold
Lair:2:   layout_cave_pods, elwin_shoals_entry_stream, dummy_snake_entry,
          gauntlet_entry_generic
Lair:3:   layout_hall_layers, grunt_megastairs_3, infiniplex_staircase_pool_2,
          serial_bayou_shore_a, serial_bayou_shore_b, uniq_prince_ribbit2
Lair:4:   wad_woods_structure_01, layout_regular_city, gammafunk_ghost_cemetery,
          serial_bayou_ford_a, uniq_kirke
Lair:5:   layout_roguey, grunt_megastairs_1
Lair:6:   gammafunk_lair_ancient_temple, layout_hall_layers,
          nicolae_slime_entry_slimehenge, serial_forest,
          infiniplex_forest_side_room, infiniplex_forest_lined_2,
          infiniplex_forest_lined_3, infiniplex_forest_corner_1,
          infiniplex_forest_lined_1, infiniplex_forest_end_1,
          infiniplex_forest_clump_tiny, kennysheep_snail_temple
Snake:1:  layout_grid_shapes
Snake:2:  layout_cave_shapes, serial_shops, shop, grunt_ministairs_1, drop_trap,
          nicolae_snake_serpentine_hallways, uniq_frances
Orc:1:    layout_diamond_mine, guppyfry_orc_lava_fort
Orc:2:    st_orc_town, layout_diamond_mine, basic_altar,
          statue_in_the_mist_lemuel

Skill      XL: |  1  2  3  4  5  6  7  8  9 10 11 12 13 14 15 16 17 18 |
---------------+-------------------------------------------------------+-----
Dodging        | 2 3 4 5 6 8 9 10 11 12 13 14 15 | 15.0
Fighting       | 3 4 5 7 8 9 10 11 12 13 | 13.6
Stealth        | 5 6 7 8 9 10 | 10.0
Throwing       | 3 4 5 6 7 8 10 11 12 13 | 13.4
Polearms       | 2 6 9 10 12 13 14 15 17 18 20 | 20.1
Invocations    | 3 5 6 9 10 | 10.0
Shields        | 4 7 9 10 | 10.1
Short Blades   | |  2.4
Long Blades    | |  0.1

Action                   |  1- 3 |  4- 6 |  7- 9 | 10-12 | 13-15 | 16-18 || total
-------------------------+-------+-------+-------+-------+-------+-------++-------
Melee: Dagger            |    97 |   240 |   736 |       |       |       ||  1073
       Unarmed           |       |     4 |       |       |    14 |       ||    18
       Punch             |       |       |     2 |    11 |     1 |       ||    14
       Scimitar          |       |       |       |   420 |       |       ||   420
       Trident           |       |       |       |   360 |   820 |       ||  1180
       Glaive            |       |       |       |       |   862 |       ||   862
       Tailslap          |       |       |       |       |     5 |     2 ||     7
       Bardiche          |       |       |       |       |    81 |   770 ||   851
Throw: Dart              |       |    16 |    42 |     3 |     7 |       ||    68
       Boomerang         |       |       |       |     5 |    28 |    12 ||    45
       Javelin           |       |       |       |       |    14 |       ||    14
Invok: Heroism           |       |       |     5 |    28 |    36 |    24 ||    93
       Finesse           |       |       |       |       |     4 |       ||     4
Evoke: Wand              |       |       |     9 |     6 |    20 |     2 ||    37
  Use: Scroll            |       |       |    12 |     5 |    18 |     2 ||    37
       Potion            |       |       |     3 |     4 |     1 |     1 ||     9
 Stab: Sleeping          |    14 |     7 |     8 |    31 |    22 |     6 ||    88
       Distracted        |       |       |       |     1 |     3 |     2 ||     6
       Petrified         |       |       |       |       |       |     4 ||     4
       Petrifying        |       |       |       |       |       |     3 ||     3
  Eat: Chunk             |     1 |    10 |    12 |    23 |    39 |    22 ||   107
       Ration            |       |       |       |     1 |     1 |     1 ||     3
Armor: Robe              |    30 |    26 |   110 |    40 |       |       ||   206
       Skin              |       |     9 |       |       |       |       ||     9
       Troll leather arm |       |       |       |    78 |       |       ||    78
       Scale mail        |       |       |       |    57 |   465 |   154 ||   676
Dodge: Dodged            |    49 |    84 |   385 |   738 |  1010 |   442 ||  2708
Block: Shield            |       |       |       |       |   282 |       ||   282
       Rpst.: Scimitar   |       |       |       |   139 |       |       ||   139

Table legend:
 A = Non-vault XP
 B = Vault XP
 C = Vault XP percentage of total XP
 D = Non-vault monster count
 E = Vault monster count
 F = Vault count percentage of total count
                 A         B        C        D         E       F
            +---------+---------+-------+---------+---------+-------
      Total |  105526 |   66041 |  38.5 |     625 |     295 |  32.1
            +---------+---------+-------+---------+---------+-------
        D:1 |      44 |       0 |   0.0 |      28 |       0 |   0.0
        D:2 |      60 |       0 |   0.0 |      15 |       0 |   0.0
        D:3 |      36 |       0 |   0.0 |      12 |       0 |   0.0
        D:4 |     108 |     270 |  71.4 |      14 |       3 |  17.6
        D:5 |     562 |       0 |   0.0 |      20 |       0 |   0.0
        D:6 |     830 |     879 |  51.4 |      19 |       3 |  13.6
        D:7 |     969 |     434 |  30.9 |      18 |       1 |   5.3
        D:8 |    2026 |    3102 |  60.5 |      30 |       9 |  23.1
        D:9 |    2574 |    1129 |  30.5 |      37 |      16 |  30.2
       D:10 |    4056 |    1354 |  25.0 |      39 |      18 |  31.6
       D:11 |    5246 |       0 |   0.0 |      26 |       0 |   0.0
       D:12 |    4827 |    1579 |  24.6 |      32 |       8 |  20.0
       D:13 |    6570 |    8497 |  56.4 |      24 |      47 |  66.2
       D:14 |   12694 |     654 |   4.9 |      43 |       6 |  12.2
       D:15 |   16359 |    4795 |  22.7 |      32 |      11 |  25.6
     Lair:1 |    2934 |     640 |  17.9 |      16 |       1 |   5.9
     Lair:2 |    3207 |    1951 |  37.8 |      13 |       5 |  27.8
     Lair:3 |    5964 |    1478 |  19.9 |      37 |       7 |  15.9
     Lair:4 |    5222 |    4387 |  45.7 |      23 |       8 |  25.8
     Lair:5 |    5563 |    1212 |  17.9 |      20 |       3 |  13.0
     Lair:6 |    9929 |   12637 |  56.0 |      23 |      34 |  59.6
    Snake:1 |    9122 |       0 |   0.0 |      24 |       0 |   0.0
    Snake:2 |     932 |     931 |  50.0 |       1 |       2 |  66.7
      Orc:1 |    3031 |    7033 |  69.9 |      25 |      16 |  39.0
      Orc:2 |    2661 |    7414 |  73.6 |      54 |      64 |  54.2
     Bailey |       0 |    2574 | 100.0 |       0 |      27 | 100.0
    Volcano |       0 |    3091 | 100.0 |       0 |       6 | 100.0
            +---------+---------+-------+---------+---------+-------
